 Dungeon Crawl Stone Soup version 0.31.0-1-g2c135a0 (webtiles) character file.

Game seed: 3400532065204315604

196 bonegar the Sneak (level 5, -1/34 (44) HPs)
             Began as a Naga Enchanter on Feb 13, 2024.
             Slain by Terence
             ... wielding a +0 flail of draining
              (5 damage)
             ... on level 3 of the Dungeon.
             The game lasted 00:16:27 (1778 turns).

bonegar the Sneak (Naga Enchanter)                  Turns: 1778, Time: 00:16:27

HP:   -1/34 (44)    AC:  6    Str: 11    XL:     5   Next: 74%
MP:   8/8           EV: 10    Int: 21    God:
Gold: 100           SH:  0    Dex: 19    Spells: 8/8 levels left

rFire   + . .        a - +1 dagger
rCold   . . .        (no shield)
rNeg    . . .        q - +2 robe {rF+}
rPois   +            (no helmet)
rElec   .            (no cloak)
rCorr   .            i - +1 pair of gloves
SInv    +            (no barding)
Will    .....        (no amulet)
Stlth   ++++         o - +6 ring of intelligence
HPRegen 0.25/turn    m - +6 ring of dexterity
MPRegen 0.11/turn

%: no passive effects
@: heavily drained, very slow
A: AC +1, large, see invisible, deformed body, poison resistance, slowness 2,
spit poison 1, naga tail 1
a: Spit Poison


You were on level 3 of the Dungeon.
You visited 1 branch of the dungeon, and saw 3 of its levels.

You collected 100 gold pieces.

Inventory:

Hand Weapons
 a - a +1 dagger (weapon)
Armour
 b - a +0 robe
 g - an orb of wrath
 i - a +1 pair of gloves (worn)
 q - a +2 robe of fire resistance (worn)
Jewellery
 k - a ring of poison resistance
 l - a ring of resist corrosion
 m - a +6 ring of dexterity (right hand)
 o - a +6 ring of intelligence (left hand)
Scrolls
 e - a scroll of fog {unknown}
 h - a scroll of enchant weapon {unknown}
 j - a scroll of identify {unknown}
 p - a scroll of revelation {unknown}
 r - a scroll of noise {unknown}
Potions
 c - a potion of invisibility
 d - a potion of ambrosia {unknown}
 f - a potion of resistance {unknown}


   Skills:
 + Level 1.0 Fighting
 + Level 2.6 Short Blades
 + Level 2.2 Dodging
 + Level 7.1 Stealth
 + Level 2.1 Spellcasting
 + Level 3.4 Hexes


You had 8 spell levels left.
You didn't know any spells.
Your spell library contained the following spells:

 Spells                   Type           Power      Damage    Failure   Level
 Ensorcelled Hibernation  Hex/Ice        18%        N/A       11%         2
 Confusing Touch          Hex            16%        N/A       11%         3
 Tukima's Dance           Hex            16%        N/A       11%         3
 Foxfire                  Conj/Fire      8%         2x1d4     14%         1
 Mercury Vapours          Alch/Air       4%         N/A       22%         2
 Dazzling Flash           Conj/Hex       18%        N/A       22%         3
 Mephitic Cloud           Conj/Alch/Air  2%         N/A       41%         3
 Freezing Cloud           Conj/Ice/Air   1%         6-21      99%         5
 Plasma Beam              Fire/Air       1%         2x1d11    100%        6
 Starburst                Conj/Fire      1%         6d3       100%        6


Dungeon Overview and Level Annotations

Branches:
Dungeon (3/15)

Altars:

Annotations:
D:3 Terence


Innate Abilities, Weirdness & Mutations

Your serpentine skin is tough. (AC +1)
You have supernaturally acute eyesight. (SInv)
Armour fits poorly on your strangely shaped body.
Your system is resistant to poisons. (rPois)
You cover ground very slowly.
You can spit poison.
You have a snake-like lower body.


Message History

You barely miss Terence. Terence hits you but does no damage.
You feel drained.
You hit Terence but do no damage.
Terence hits you with a +0 flail of draining!
You feel drained.
You hit Terence but do no damage.
Terence hits you with a +0 flail of draining.
You feel drained.
You barely miss Terence. Terence barely misses you.
You hit Terence but do no damage.
Terence hits you with a +0 flail of draining.
You feel drained.
You hit Terence but do no damage. You barely miss Terence.
Terence barely misses you.
You hit Terence but do no damage. Terence barely misses you.
You hit Terence.
Terence is lightly wounded.
Terence hits you but does no damage.
You feel drained.
You hit Terence but do no damage.
Terence is lightly wounded.
Terence hits you with a +0 flail of draining.
You feel drained.
You hit Terence but do no damage.
Terence is lightly wounded.
Terence barely misses you.
You closely miss Terence.
Terence is lightly wounded.
Terence hits you with a +0 flail of draining!
You feel drained.
You hit Terence but do no damage.
Terence is lightly wounded.
Terence hits you with a +0 flail of draining!
* * * LOW HITPOINT WARNING * * *
You feel drained.
You hit Terence.
Terence is moderately wounded.
You closely miss Terence.
Terence is moderately wounded.
Terence hits you with a +0 flail of draining.
You die...
Terence says, "Rest in peace."

#.# ## #.# ..... . #.#
#.... . #.# #.#.# .#
###.# #.#)##.# ##.#.#
#.#..#.# .
#...†########.#....##...
.†....(.................
#....########...@..#
##.......# #.##.@##
#.#.###.# #........
#.#.# #.# #####.####
#.#.# #.# .# #.).# #.#
## ##.### #.# ...#####.#
#.<......#


You could see Terence.

Vanquished Creatures
  Sigmund (D:2)
  An adder (D:3)
  7 ball pythons
  4 endoplasms (D:1)
  A giant cockroach (D:1)
  A goblin (D:1)
  7 hobgoblins
  A quokka (D:2)
  A bat (D:1)
  A frilled lizard (D:1)
  A kobold (D:2)
  5 rats
31 creatures vanquished.

Notes
Turn   | Place    | Note
-------+----------+-------------------------------------------
     0 | D:1      | bonegar the Naga Enchanter began the quest for the Orb.
     0 | D:1      | Reached XP level 1. HP: 15/15 MP: 3/3
   358 | D:1      | Reached XP level 2. HP: 22/22 MP: 5/5
   395 | D:1      | Reached skill level 5 in Stealth
  1057 | D:2      | Reached XP level 3. HP: 24/28 MP: 6/6
  1194 | D:2      | Noticed Sigmund
  1209 | D:2      | Killed Sigmund
  1210 | D:2      | Reached skill level 1 in Fighting
  1210 | D:2      | Reached skill level 6 in Stealth
  1210 | D:2      | Reached XP level 4. HP: 38/38 MP: 7/7
  1210 | D:2      | Reached XP level 5. HP: 44/44 MP: 8/8
  1645 | D:3      | Reached skill level 7 in Stealth
  1759 | D:3      | Noticed Terence
  1778 | D:3      | Slain by Terence

Illustrated notes

Levels and vault maps discovered:
D:1:      psy_arrival_conway, layout_basic
D:2:      layout_loops_ring, uniq_sigmund
D:3:      layout_loops_corners, uniq_terence

Skill      XL: |  1  2  3  4  5 |
---------------+----------------+-----
Stealth        | 5 6 7 |  7.1
Fighting       | 1 |  1.0
Short Blades   | 2 |  2.6
Dodging        | 2 |  2.2
Spellcasting   | |  2.1
Hexes          | |  3.4

Action                     |  1- 3 |  4- 6 || total
---------------------------+-------+-------++-------
  Melee: Dagger            |    83 |    31 ||   114
         Punch             |     1 |       ||     1
    Use: Potion            |     1 |       ||     1
         Scroll            |       |     3 ||     3
   Stab: Sleeping          |     8 |     1 ||     9
         Invisible         |     2 |       ||     2
 Armour: Robe              |    40 |    17 ||    57
  Dodge: Dodged            |    37 |    11 ||    48
